 Dungeon Crawl Stone Soup version 0.24.0-123-gd5b16e6ec5 (webtiles) character file.

Game seed: 8952382732648697450, levelgen mode: deterministic

344 Notrik the Changer (level 6, -1/45 HPs)
             Began as a Draconian Transmuter on Nov 26, 2019.
             Was a Believer of Hepliaklqana.
             Succumbed to a worker ant's poison
             ... on level 4 of the Dungeon on Feb 1, 2020.
             The game lasted 00:21:46 (3989 turns).

Notrik the Changer (Draconian Transmuter)           Turns: 3989, Time: 00:21:46

Health: -1/45      AC:  7    Str: 14    XL:     6   Next: 31%
Magic:  11/11      EV: 13    Int: 14    God:    Hepliaklqana [**....]
Gold:   192        SH:  0    Dex: 11    Spells: 10/11 levels left

rFire    . . .     SeeInvis .   k - +4 dagger
rCold    . . .     Gourm    .   (no shield)
rNeg     . . .     Faith    .   (armour unavailable)
rPois    .         Spirit   .   (helmet restricted)
rElec    .         Reflect  .   p - +0 cloak
rCorr    .         Harm     .   (no gloves)
MR       .....                  (no boots)
Stlth    +.........             (no amulet)
HPRegen  0.15/turn              (no ring)
MPRegen  0.12/turn              (no ring)

@: lethally poisoned (-1 -> -16)
A: unfitting armour, reduced essence, cold-blooded, AC +6
a: Ancestor Life: Knight, Ancestor Life: Battlemage, Ancestor Life: Hexer,
Recall Ancestor, Ancestor Identity, Renounce Religion


You were on level 4 of the Dungeon.
You worshipped Hepliaklqana.
Hepliaklqana was pleased with you.
You were not hungry.

You visited 1 branch of the dungeon, and saw 5 of its levels.

You collected 192 gold pieces.

Inventory:

Hand Weapons
 k - a +4 dagger (weapon)
   (You took it off a goblin on level 1 of the Dungeon)
Missiles
 a - 80 arrows
 d - 24 bolts
Armour
 p - a +0 cloak (worn)
   (You took it off Crazy Yiuf on level 2 of the Dungeon)
Jewellery
 n - a cursed ring of attention
   (You found it on level 2 of the Dungeon)
 v - a cursed ring of teleportation {unknown}
   (You found it on level 4 of the Dungeon)
Wands
 u - a wand of paralysis (12)
   (You found it on level 3 of the Dungeon)
Scrolls
 g - a scroll of immolation {unknown}
 h - a scroll of teleportation {unknown}
 j - a scroll of enchant weapon {unknown}
 l - a scroll of remove curse {unknown}
 r - a scroll of fog {unknown}
 t - a scroll of blinking {unknown}
 w - a scroll of enchant armour {unknown}
Potions
 b - 3 potions of agility {unknown}
 e - a potion of degeneration {!q}
 f - 2 potions of magic
 m - a potion of haste {unknown}
 o - a potion of heal wounds {unknown}
 q - a potion of mutation {unknown}
 s - a potion of berserk rage {unknown}
Comestibles
 c - 6 rations {!d}
 i - 2 chunks of flesh


   Skills:
 + Level 3.2 Fighting
 + Level 3.4 Dodging
 - Level 0.1 Stealth
 - Level 3.4 Unarmed Combat
 + Level 3.4 Spellcasting
 + Level 3.5 Transmutations


You had 10 spell levels left.
You knew the following spells:

 Your Spells              Type           Power        Failure   Level  Hunger
a - Beastly Appendage     Tmut           ##....       4%          1    #......

Your spell library contained the following spells:

 Spells                   Type           Power        Failure   Level  Hunger
 Sticks to Snakes         Tmut           ##......     7%          2    ##.....
 Spider Form              Tmut/Pois      #.........   30%         3    ###....
 Ice Form                 Ice/Tmut       #.......     69%         4    #####..
 Blade Hands              Tmut           ##........   78%         5    ######.


Dungeon Overview and Level Annotations

Branches:
Dungeon (5/15)
 Temple: D:4-7

Altars:
Dithmenos
Hepliaklqana
Sif Muna

Annotations:
D:3 Ijyb


Innate Abilities, Weirdness & Mutations

Your plain brown scales are hard. (AC +6)
You cannot fit into any form of body armour.
You are cold-blooded and may be slowed by cold attacks.
Your life essence is reduced to manifest your ancestor. (-10% HP)


Message History

The worker ant poisons you!
You hit the bullfrog skeleton. You tail-slap the bullfrog skeleton.
You feel sick.
The bullfrog skeleton closely misses you.
The worker ant closely misses you.
The bullfrog skeleton closely misses you.
You hit the bullfrog skeleton. You tail-slap the bullfrog skeleton.
You feel sick. The worker ant barely misses you.
The bullfrog skeleton hits you.
You hit the bullfrog skeleton. The worker ant bites you.
You are more poisoned.
The worker ant poisons you! The bullfrog skeleton hits you.
The worker ant misses you.
You hit the bullfrog skeleton.
You feel sick.
The bullfrog skeleton hits you but does no damage.
The worker ant bites you. The bullfrog skeleton hits you.
* * * LOW HITPOINT WARNING * * *
You hit the bullfrog skeleton.
You destroy the bullfrog skeleton!
You feel sick. The worker ant closely misses you.
A hound comes into view.
You feel sick.
The hound barks!
The worker ant closely misses you.
You hit the worker ant.
You feel sick. The worker ant barely misses you.
A giant cockroach comes into view.
The worker ant bites you but does no damage.
You closely miss the worker ant. You tail-slap the worker ant.
You feel sick. The hound bites you but does no damage.
The worker ant bites you but does no damage.
The hound bites you but does no damage.
You barely miss the worker ant. The hound barely misses you.
The worker ant bites you!
* * * LOW HITPOINT WARNING * * *
You are lethally poisoned!
The worker ant poisons you!
* * * LOW HITPOINT WARNING * * *
You feel sick. The hound bites you.
* * * LOW HITPOINT WARNING * * *
The worker ant bites you.
* * * LOW HITPOINT WARNING * * *
You are more poisoned.
The worker ant poisons you! The hound bites you but does no damage.
* * * LOW HITPOINT WARNING * * *
You feel sick. The worker ant barely misses you. The hound closely misses you.
* * * LOW HITPOINT WARNING * * *
You feel sick. The hound closely misses you.
The worker ant bites you but does no damage.
The hound bites you but does no damage. The worker ant completely misses you.
You die...

### ###.### .....
###.##############
#.##h.a.............#
#...s@.......######.##
#........###(# #...#
.........#.# #.# #..##
....##.#.#.# #.# #..#
.##. #.#.... ..# #..#
# #.#...###.# #.##
#.....# #.# #.# ##
#..# #.# #.#


You could see a hound, a worker ant and a giant cockroach.

Vanquished Creatures
  Blork the orc (D:4)
  A scorpion (D:4)
  Crazy Yiuf (D:2)
  A bullfrog skeleton (D:4)
  A worker ant (D:4)
  A hound zombie (D:5)
  5 adders
  2 dart slugs
  5 leopard geckos
  7 orcs
  2 giant cockroaches
  4 hobgoblins
  7 kobolds
  A quokka (D:2)
  8 bats
  3 frilled lizards
  5 goblins
  9 rats
64 creatures vanquished.

Vanquished Creatures (collateral kills)
  An adder (D:3)
  2 orcs (D:3)
  A giant cockroach (D:3)
  2 hobgoblins
6 creatures vanquished.

Vanquished Creatures (others)
  An ancestor (D:2)
1 creature vanquished.

Grand Total: 71 creatures vanquished

Notes
Turn   | Place    | Note
-------+----------+-------------------------------------------
     0 | D:1      | Notrik the Draconian Transmuter began the quest for the
                  | Orb.
     0 | D:1      | Reached XP level 1. HP: 16/16 MP: 3/3
     0 | D:1      | Upgraded the game from 0.24.0-37-gcf1ca852f1 to
                  | 0.24.0-123-gd5b16e6ec5
   585 | D:1      | Reached XP level 2. HP: 23/23 MP: 5/5
  1311 | D:2      | Found a faded altar of an unknown god.
  1336 | D:2      | Reached XP level 3. HP: 17/28 MP: 6/6
  1619 | D:2      | Became a worshipper of Hepliaklqana the Forgotten
  1619 | D:2      | Reached * piety under Hepliaklqana
  1724 | D:2      | Found a shimmering blue altar of Sif Muna.
  2047 | D:2      | Reached XP level 4. HP: 23/32 MP: 7/7
  2107 | D:2      | Found a runed translucent door.
  2108 | D:2      | Noticed Crazy Yiuf
  2167 | D:2      | Found a shadowy altar of Dithmenos.
  2531 | D:2      | Killed Crazy Yiuf
  2693 | D:3      | Noticed Ijyb
  3209 | D:3      | Reached ** piety under Hepliaklqana
  3271 | D:3      | Reached XP level 5. HP: 24/36 MP: 9/9
  3602 | D:3      | You fall into a shaft and drop 2 floors!
  3602 | D:5      | Entered Level 5 of the Dungeon
  3757 | D:4      | Noticed Blork the orc
  3800 | D:4      | Killed Blork the orc
  3800 | D:4      | Reached XP level 6. HP: 29/45 MP: 9/11
  3987 | D:4      | HP: 2/45 [poisoned by a worker ant]
  3989 | D:4      | Succumbed to a worker ant's poison

Levels and vault maps discovered:
D:1:      doesnt_arrival_eight_statues, layout_basic
D:2:      layout_basic, nicolae_overflow_crystal_walls,
          nicolae_dithmenos_through_a_glass_darkly,
          chequers_ecumenical_altar_simple_redux, uniq_crazy_yiuf_cottage
D:3:      layout_basic, tgw_xom, first_ration, uniq_ijyb
D:4:      layout_basic, nemelex_xobeh_ov_fountains_minmay, serial_bayou_lake_a,
          uniq_blork_the_orc, uniq_robin
D:5:      layout_basic, minitemple, yredelemnul_forgotten_temple_becter,
          minmay_temple_entry_butterflies

Skill      XL: |  1  2  3  4  5 |
---------------+----------------+-----
Dodging        | 2 3 |  3.4
Fighting       | 2 3 |  3.2
Transmutations | 3 |  3.5
Spellcasting   | 3 |  3.4
Stealth        | |  0.1
Unarmed Combat | |  3.4

Action                   |  1- 3 |  4- 6 || total
-------------------------+-------+-------++-------
Melee: Unarmed           |    90 |       ||    90
       Tailslap          |     6 |    15 ||    21
       Dagger            |    34 |   161 ||   195
       Punch             |     2 |     2 ||     4
Invok: Ancestor Identity |       |     2 ||     2
  Use: Scroll            |     4 |     1 ||     5
       Potion            |     2 |     1 ||     3
  Eat: Chunk             |     1 |     4 ||     5
       Ration            |     1 |     1 ||     2
Armor: Skin              |    37 |    59 ||    96
Dodge: Dodged            |    93 |   109 ||   202
